AoeStats
← Mojojoto

Lombardia

507376261Analyzed
4v4 RM · 13d ago on Sep 17, 2026· 48m 36s· 8 players
Game mode
Random Map
Map size
Large (8 player)
Population
200
Speed
Normal
Resources
Standard
Victory
Conquest
Starting age
Dark Age
Ending age
Imperial Age
RankedLock teamsTeams togetherTeam positionsShared explorationLock speedFull tech treeHidden civsTurbo modeCheats
Victory
Defeat
🇺🇸 Ethiopians · United States
1036
+15
🇫🇷 Maya · France
1030
+15
🇨🇦 Byzantines · Canada
1022
+15
🇬🇹 Burgundians · Guatemala
989
+16
🇧🇷 Franks · Brazil
1039
-17
🇻🇪 Jurchens · Venezuela
1036
-17
🇦🇷 Mongols · Argentina
982
-14
🇦🇷 Teutons · Argentina
952
-13
CrazyRussian
7:13 Loom
12:19 Feudal Age
16:06 Castle Age
15:14 Double-Bit Axe
18:29 Bow Saw
18:01 Horse Collar
22:55 Heavy Plow
23:58 Pikeman
25:34 Squires
25:41 Scale Mail Armor
26:50 Wheelbarrow
26:47 Gold Mining
28:04 Hand Cart
28:46 Stone Mining
32:31 Imperial Age
32:36 Elite Skirmisher
33:44 Conscription
33:48 Elite Cataphract
33:57 Halberdier
37:07 Two-Man Saw
37:24 Logistica
37:23 Scale Barding Armor
39:40 Chain Barding Armor
39:31 Forging
39:12 Fletching
39:29 Padded Archer Armor
41:23 Gold Shaft Mining
41:25 Stone Shaft Mining
41:00 Caravan
41:11 Guilds
44:01 Plate Barding Armor
44:02 Iron Casting
43:23 Bodkin Arrow
43:43 Chain Mail Armor
43:44 Leather Archer Armor
46:14 Hoardings
48:36 Chemistry
47:57 Ballistics
48:33 Bracer
Jackou75
0:31 Loom
10:28 Feudal Age
11:07 Double-Bit Axe
12:11 Gold Mining
21:22 Castle Age
20:49 Stone Mining
22:10 Pikeman
22:12 Eagle Warrior
23:12 Fletching
27:32 Bow Saw
29:17 Scale Mail Armor
40:19 Imperial Age
39:45 Bodkin Arrow
45:35 Wheelbarrow
45:49 Elite Eagle Warrior
46:31 Squires
47:20 Conscription
47:04 Horse Collar
48:42 Forging
48:50 Chain Mail Armor
Pogi_Ender
5:15 Loom
10:54 Feudal Age
14:57 Castle Age
13:43 Double-Bit Axe
14:19 Stone Mining
22:40 Wheelbarrow
24:57 Horse Collar
25:12 Gold Mining
26:59 Royal Heirs
27:12 Forging
27:44 Hand Cart
29:22 Gold Shaft Mining
32:23 Imperial Age
30:10 Scale Mail Armor
30:41 Town Watch
31:34 Iron Casting
31:47 Chain Mail Armor
31:24 Fletching
32:12 Ballistics
34:12 Blast Furnace
33:15 Squires
33:00 Arson
32:42 Elite Shotel Warrior
33:46 Conscription
34:36 Chemistry
33:39 Heavy Plow
34:20 Plate Mail Armor
34:38 Fletching
36:33 Heavy Scorpion
39:59 Murder Holes
41:21 Onager
42:08 Town Patrol
47:40 Bodkin Arrow
Muerto de Hambre
6:19 Loom
11:16 Feudal Age
11:36 Horse Collar
11:42 Double-Bit Axe
17:04 Castle Age
15:26 Gold Mining
15:52 Heavy Plow
17:02 Gold Shaft Mining
17:11 Bow Saw
22:40 Fervor
24:42 Two-Man Saw
25:49 Pikeman
27:55 Wheelbarrow
28:01 Stone Mining
29:43 Stone Shaft Mining
30:36 Hand Cart
35:01 Imperial Age
32:44 Burgundian Vineyards
33:03 Fletching
33:25 Forging
33:22 Scale Barding Armor
33:57 Husbandry
35:11 Crop Rotation
35:49 Iron Casting
35:34 Chain Barding Armor
35:46 Elite Coustillier
36:48 Conscription
38:27 Caravan
40:01 Chemistry
39:22 Ballistics
38:58 Murder Holes
39:13 Fortified Wall
40:12 Blast Furnace
39:47 Plate Barding Armor
39:14 Scale Mail Armor
39:05 Fletching
48:38 Bodkin Arrow
Mojojoto
10:44 Feudal Age
11:37 Horse Collar
12:01 Double-Bit Axe
13:06 Loom
17:40 Castle Age
17:09 Bloodlines
18:31 Scale Barding Armor
18:48 Bow Saw
20:25 Wheelbarrow
20:46 Heavy Plow
23:41 Chain Barding Armor
24:16 Forging
25:43 Husbandry
26:55 Hand Cart
32:38 Imperial Age
32:06 Iron Casting
31:34 Padded Archer Armor
32:16 Town Watch
34:40 Leather Archer Armor
36:10 Light Cavalry
37:31 Light Cavalry
38:37 Conscription
40:22 Plate Barding Armor
42:22 Thunderclap Bombs
42:46 Ring Archer Armor
Absurdo!
11:46 Feudal Age
16:45 Castle Age
14:32 Loom
15:04 Double-Bit Axe
18:05 Bow Saw
19:26 Husbandry
31:04 Imperial Age
30:40 Wheelbarrow
31:12 Cavalier
32:38 Paladin
33:28 Scale Barding Armor
34:07 Forging
34:49 Chain Barding Armor
36:08 Light Cavalry
37:24 Plate Barding Armor
37:25 Iron Casting
38:09 Hand Cart
41:00 Fortified Wall
Dearboy
1:16 Loom
10:11 Feudal Age
11:27 Wheelbarrow
10:39 Double-Bit Axe
10:47 Gold Mining
10:39 Horse Collar
19:34 Castle Age
18:03 Stone Mining
20:27 Light Cavalry
21:17 Bloodlines
21:00 Fletching
22:42 Bow Saw
24:48 Padded Archer Armor
25:10 Town Watch
27:36 Leather Archer Armor
27:16 Bodkin Arrow
27:58 Hand Cart
28:45 Scale Barding Armor
29:34 Husbandry
35:01 Imperial Age
32:34 Town Patrol
32:38 Nomads
35:08 Forging
35:19 Squires
35:57 Gold Shaft Mining
35:57 Stone Shaft Mining
35:34 Bodkin Arrow
36:40 Conscription
37:17 Hussar
38:53 Drill
38:04 Sappers
38:26 Cavalier
40:04 Bracer
40:39 Iron Casting
40:26 Chain Barding Armor
39:41 Elite Mangudai
40:57 Hoardings
41:26 Chemistry
40:46 Ballistics
Big Papi
7:09 Loom
7:16 Loom
10:24 Feudal Age
10:52 Double-Bit Axe
11:49 Wheelbarrow
20:10 Castle Age
18:37 Forging
18:42 Town Watch
22:23 Horse Collar
23:23 Stone Mining
23:49 Scale Barding Armor
25:13 Heavy Plow
25:40 Gold Mining
26:27 Bow Saw
27:24 Gold Mining
28:18 Bloodlines
34:31 Imperial Age
32:19 Fletching
34:09 Iron Casting
34:07 Bodkin Arrow
35:37 Hand Cart
34:50 Cavalier
35:53 Conscription
36:39 Blast Furnace
35:04 Capped Ram
36:35 Bodkin Arrow
37:18 Crop Rotation
37:26 Stone Shaft Mining
38:01 Two-Man Saw
39:10 Bodkin Arrow
Connection lost

Rejoining the realm…

Still unreachable

The connection could not be restored.

Session expired

The server has moved on; the page needs a fresh start.